 Dungeon Sprint DCSS version 0.27.1-4-g1640c2035a (webtiles) character file.

Game seed: 11991568729955580693

2570 boopmooplesden the Blocker (level 9, -13/92 HPs)
             Began as a Minotaur Fighter on Nov 10, 2021.
             Was an Initiate of Okawaru.
             Killed from afar by a lindwurm (28 damage)
             ... with a blast of flame
             ... summoned by Kirke
             ... in the Dungeon (Sprint II: "The Violet Keep of Menkaure").
             The game lasted 00:05:01 (1549 turns).

boopmooplesden the Blocker (Minotaur Fighter)       Turns: 1549, Time: 00:05:02

Health: -13/92     AC:  0    Str: 25    XL:     9   Next: 32%
Magic:  8/8        EV: 14    Int:  5    God:    Okawaru [......]
Gold:   389        SH:  0    Dex:  9    Spells: 8/8 levels left

rFire    . . .     SeeInvis .   (weapon currently unavailable)
rCold    . . .     Faith    .   (shield currently unavailable)
rNeg     . . .     Spirit   .   (armour currently unavailable)
rPois    .         Reflect  .   (helmet currently unavailable)
rElec    .         Harm     .   (cloak currently unavailable)
rCorr    .         Rampage  .   (gloves currently unavailable)
Will     .....     NoTele   +   (boots currently unavailable)
Stlth    +.........             (no amulet)
HPRegen  0.25/turn              (ring currently unavailable)
MPRegen  0.11/turn              (ring currently unavailable)

@: pig-form, hasted, very quick
A: fast, no casting, small, (horns 2), (retaliatory headbutt)
a: Renounce Religion


You were in the Dungeon.
You worshipped Okawaru.
Okawaru was noncommittal.
You were a filthy swine.
You visited 1 branch You collected 1181 gold pieces.
You spent 792 gold pieces at shops.

Inventory:

Hand Weapons
 a - a +0 long sword (melded)
Armour
 b - a +0 scale mail
 c - a +0 kite shield (melded)
 k - a +1 hat (melded)
 l - a +8 plate armour of ponderousness (melded)
 o - a +0 cloak
Jewellery
 f - an amulet of regeneration
 m - a +6 ring of strength
Scrolls
 d - 3 scrolls of identify
 i - 2 scrolls of enchant weapon {unknown}
 j - a scroll of blinking
 p - a scroll of immolation {unknown}
 t - 2 scrolls of fog
Potions
 e - 4 potions of curing
 g - 4 potions of resistance
 h - 5 potions of magic
 n - 4 potions of flight
 r - a potion of lignification {unknown}


   Skills:
 + Level 12.9 Fighting
 + Level 12.6 Long Blades
 + Level 12.6 Armour
 + Level 3.1 Dodging
 + Level 0.2 Stealth
 + Level 13.2 Shields


You had 8 spell levels left.
You didn't know any spells.
Your spell library contained the following spells:

 Spells                   Type           Power      Damage    Failure   Level
 Magic Dart               Conj           0%         1d3       47%         1
 Call Imp                 Summ           0%         N/A       63%         2
 Slow                     Hex            0%         N/A       63%         2
 Confusing Touch          Hex            0%         N/A       85%         3
 Ignite Poison            Fire/Tmut/Pois 0%         N/A       85%         3
 Mephitic Cloud           Conj/Pois/Air  0%         N/A       85%         3
 Tukima's Dance           Hex            0%         N/A       85%         3
 Vampiric Draining        Necr           0%         2d6       85%         3
 Passage of Golubria      Tloc           N/A        N/A       99%         4
 Bolt of Magma            Conj/Fire/Erth 0%         4d4       100%        5
 Yara's Violent Unravell  Hex/Tmut       0%         3d3       100%        5


Dungeon Overview and Level Annotations

Branches:
Dungeon (1/1)

Altars:
Cheibriados
Dithmenos
Elyvilon
Fedhas
Gozag
Hepliaklqana
Kikubaaqudgha
Makhleb
Nemelex Xobeh
Okawaru
Qazlal
Ru
Sif Muna
Trog
Uskayaw
Vehumet
Wu Jian
Xom
Yredelemnul
Zin
The Shining One
Beogh
Jiyva
Lugonu

Shops:
D :!(!([=?[:?=((=

Annotations:
D exclusions: ice statue and oklob plant, Kirke


Innate Abilities, Weirdness & Mutations

You are a filthy swine.
You move quickly.
Your equipment is almost entirely melded.
You are incapable of wielding weapons or throwing items.
You cannot cast spells.
((You have a pair of horns on your head.))
((You reflexively headbutt those who attack you in melee.))


Message History

The orange demon is engulfed in poison gas.
The orange demon is poisoned.
The orange demon stings you but does no damage.
Kirke gestures at you while chanting.
You barely resist. The yaktaur captain hits you!!
* * * LOW HITPOINT WARNING * * *
You feel yourself speed up.
The orange demon is engulfed in poison gas.
The orange demon looks even sicker.
The orange demon barely misses you. Kirke closely misses you.
You riposte.
You hit Kirke. You headbutt Kirke!
Kirke is severely wounded.
You block the yaktaur captain's attack.
Okay, then.
You hit Kirke but do no damage.
Kirke is severely wounded.
The kobold demonologist casts a cantrip, but nothing happens.
The orange demon looks even sicker.
The orange demon stings you but does no damage.
You hit Kirke.
Kirke is almost dead.
Kirke casts a spell at you.
You turn into a filthy swine.
Your +0 long sword melds into your body.
Your +1 hat melds into your body.
Your +0 kite shield melds into your body.
Your +8 plate armour of ponderousness melds into your body.
That put a bit of spring back into your step.
The yaktaur captain closely misses you.
You closely miss Kirke.
Kirke is almost dead.
The kobold demonologist gestures wildly while chanting.
The orange demon closely misses you.
You hit Kirke.
Kirke is almost dead.
Kirke mumbles some strange words.
Kirke summons a lindwurm!
The yaktaur captain hits you.
* * * LOW HITPOINT WARNING * * *
The lindwurm breathes flames at you. The blast of flame hits you!!
You die...

∩∩∩∩∩*,,###§°§°°○○°°##,,,,*,,*▓▓+
*******@,c§§°°§8≈≈≈°○#*++**,,,+°°
,,**,,Z**##§≈○°○°°°°**≈,,,***,#.°
,,,*,,Kc.≈##≈≈○○≈≈≈**,≈,,,,,**#.°
#########≈≈#'54#+++##***^,,,*,*#[
########≈≈≈.4K.c....#,,+,,,,*,,#}
....∩.∩#≈≈≈≈5##@##..#,,****,*,,#}
...∩.∩.#≈≈≈≈##k..##.####,,+.##.#:
..∩.∩..#≈≈≈≈#..#h.#....#,,*...###
.∩.∩...#≈≈####...####..##**#..##.
⌠.∩....#≈##.###'###.##..#,,+..#..
.∩.∩...#≈#...##.##.#.#..#,,#..#..
..∩.∩..'≈'##.'.<.'###'..####..##.
...∩...#≈#...##.##.#.#....###...#
▓▓▓▓▓###≈##.###'###.##..§...≈≈≈≈≈
lG######≈≈####.#.####≈≈.....≈#)##
$l#G,+^##≈≈≈#..##.#≈§≈≈≈§≈..≈#.._


You could see Kirke (poisoned), a yaktaur captain (very poisoned), an obsidian
statue, an orange demon (summoned, very poisoned), a lindwurm (summoned,
catching breath) and a white imp (summoned).

Vanquished Creatures
  A merfolk siren (D)
  A yaktaur (D)
  3 polar bears (D)
  A hornet (D)
  2 wyverns (D)
  A vampire mosquito (D)
  Menkaure (D)
  3 water moccasins (D)
  4 necrophages (D)
  3 worms (D)
  2 tentacles (D)
22 creatures vanquished.

Vanquished Creatures (others)
  A water moccasin (D)
  32 tentacles (D)
33 creatures vanquished.

Grand Total: 55 creatures vanquished

Notes
Turn   | Place    | Note
-------+----------+-------------------------------------------
     0 | D        | boopmooplesden the Minotaur Fighter began the quest for the
                  | Orb.
     0 | D        | Reached XP level 1. HP: 19/19 MP: 0/0
     1 | D        | Noticed a wyvern
     1 | D        | Noticed a wyvern
     5 | D        | Noticed a necrophage
     5 | D        | Noticed a necrophage
     5 | D        | Noticed a necrophage
     5 | D        | Noticed a necrophage
    11 | D        | Killed a necrophage
    12 | D        | Reached skill level 6 in Shields
    12 | D        | Reached XP level 2. HP: 12/31 MP: 1/1
    12 | D        | Reached XP level 3. HP: 15/38 MP: 2/2
    12 | D        | Reached XP level 4. HP: 18/45 MP: 3/3
    15 | D        | Killed a necrophage
    16 | D        | Reached skill level 7 in Shields
    16 | D        | Reached XP level 5. HP: 13/53 MP: 4/4
    20 | D        | Killed a necrophage
    21 | D        | Reached skill level 5 in Long Blades
    21 | D        | Reached skill level 8 in Shields
    28 | D        | Killed a necrophage
    29 | D        | Reached skill level 9 in Shields
    29 | D        | Reached XP level 6. HP: 18/64 MP: 5/5
   153 | D        | Killed a water moccasin
   289 | D        | Noticed a merfolk siren
   303 | D        | Killed a merfolk siren
   304 | D        | Reached skill level 10 in Fighting
   304 | D        | Reached skill level 10 in Armour
   304 | D        | Reached skill level 10 in Shields
   304 | D        | Reached XP level 7. HP: 73/73 MP: 6/6
   306 | D        | Noticed an obsidian statue
   307 | D        | Noticed Menkaure
   310 | D        | Killed Menkaure
   311 | D        | Found Widgh's Jewellery Shoppe.
   335 | D        | Killed a wyvern
   336 | D        | Reached skill level 1 in Dodging
   339 | D        | Killed a wyvern
   340 | D        | Reached skill level 10 in Long Blades
   340 | D        | Reached XP level 8. HP: 44/83 MP: 7/7
   351 | D        | Found Ocaekow's Magic Scroll Shoppe.
   351 | D        | Found Joruan's Jewellery Shoppe.
   351 | D        | Found Cuarch's Weapon Shoppe.
   351 | D        | Found Uchog's Jewellery Emporium.
   351 | D        | Found Xizuq's Magic Scroll Emporium.
   352 | D        | Found Emoer's Book Shoppe.
   352 | D        | Found Ibiam's Antique Armour Emporium.
   352 | D        | Found Luonitet's Antique Weapon Shoppe.
   352 | D        | Found Lobuomp's Distillery.
   353 | D        | Found Erahoug's Antique Weapon Shoppe.
   353 | D        | Found Noacsuji's Antique Armour Emporium.
   353 | D        | Found Muchumirac's Antique Weapon Shoppe.
   353 | D        | Found Muteuq's Distillery.
   361 | D        | Reached skill level 11 in Shields
   370 | D        | Noticed a great orb of eyes
   370 | D        | Noticed an oklob plant
   371 | D        | Found Moafig's Book Shoppe.
   375 | D        | Noticed a shining eye
   382 | D        | Bought a glowing hat for 168 gold pieces
   382 | D        | Bought a glowing plate armour for 624 gold pieces
   428 | D        | Found a hazy altar of Hepliaklqana.
   428 | D        | Found a snail-covered altar of Cheibriados.
   429 | D        | Found a stormy altar of Qazlal.
   429 | D        | Found a viscous altar of Jiyva.
   429 | D        | Found a shadowy altar of Dithmenos.
   430 | D        | Found a sacrificial altar of Ru.
   430 | D        | Found an ancient bone altar of Kikubaaqudgha.
   430 | D        | Found a white marble altar of Elyvilon.
   431 | D        | Found an ornate altar of the Wu Jian Council.
   431 | D        | Found a shimmering blue altar of Sif Muna.
   431 | D        | Found a corrupted altar of Lugonu.
   432 | D        | Found a shimmering altar of Xom.
   432 | D        | Found a bloodstained altar of Trog.
   432 | D        | Found a burning altar of Makhleb.
   432 | D        | Found a blossoming altar of Fedhas.
   433 | D        | Found a glowing golden altar of the Shining One.
   433 | D        | Found a basalt altar of Yredelemnul.
   433 | D        | Found a hide-covered altar of Uskayaw.
   434 | D        | Found a glowing silver altar of Zin.
   434 | D        | Found a radiant altar of Vehumet.
   434 | D        | Noticed a polar bear
   434 | D        | Noticed a polar bear
   435 | D        | Noticed a polar bear
   436 | D        | Found a sparkling altar of Nemelex Xobeh.
   436 | D        | Noticed a yaktaur
   437 | D        | Found an opulent altar of Gozag.
   437 | D        | Found an iron altar of Okawaru.
   441 | D        | Noticed a hornet
   442 | D        | Killed a polar bear
   454 | D        | Killed a polar bear
   461 | D        | Killed a polar bear
   462 | D        | Reached skill level 12 in Shields
   465 | D        | Killed a hornet
   466 | D        | Reached XP level 9. HP: 34/92 MP: 8/8
   472 | D        | Killed a yaktaur
   483 | D        | Became a worshipper of Warmaster Okawaru
   594 | D        | Noticed a kraken
   620 | D        | Reached skill level 13 in Shields
  1108 | D        | Noticed an ice statue
  1517 | D        | Noticed Kirke
  1517 | D        | Noticed a kobold demonologist
  1517 | D        | Noticed a yaktaur captain
  1518 | D        | Noticed an orange demon
  1531 | D        | Noticed a centaur warrior
  1534 | D        | Noticed a rust devil
  1541 | D        | Noticed an orange demon
  1548 | D        | Noticed a lindwurm
  1549 | D        | Killed from afar by a lindwurm

Illustrated notes

Levels and vault maps discovered:
D:        the_violet_keep_of_menkaure [sprint2_stairs_cluster_1,
          sprint2_shoproom, sprint2_temple, sprint2_basic_supplies,
          sprint2_obstacle_6, sprint2_obstacle_2, sprint2_obstacle_3,
          sprint2_obstacle_4, sprint2_obstacle_7, sprint2_timed_cluster_1,
          sprint2_smallroom_cluster_1, sprint2_smallroom_final_cluster_1,
          sprint2_transparent_cluster_1, sprint2_second_timed_cluster_1,
          sprint2_sniper_area_1, sprint2_heavy_combat_area_1,
          sprint2_mutation_trap_area_1, sprint2_forest_area_1,
          sprint2_light_combat_area_1, sprint2_behind_water_1,
          sprint2_near_end_vault_1]

Skill      XL: |  1  2  3  4  5  6  7  8  9 |
---------------+----------------------------+-----
Fighting       | 6 8 9 10 11 12 | 12.9
Long Blades    | 3 4 6 8 10 12 | 12.6
Armour         | 6 8 9 10 11 12 | 12.6
Shields        | 6 7 9 10 12 13 | 13.2
Dodging        | 1 2 3 |  3.1
Stealth        | |  0.2

Action                   |  1- 3 |  4- 6 |  7- 9 || total
-------------------------+-------+-------+-------++-------
Melee: Long sword        |     5 |    36 |   107 ||   148
       Headbutt          |     1 |     6 |    32 ||    39
       Unarmed           |       |       |     2 ||     2
  Use: Potion            |     1 |       |     4 ||     5
       Scroll            |       |       |     4 ||     4
Armor: Scale mail        |     1 |     8 |     5 ||    14
       Plate armour      |       |       |    69 ||    69
Dodge: Dodged            |     1 |     3 |    47 ||    51
Block: Kite shield       |     2 |    15 |    91 ||   108
       Rpst.: Long sword |       |     2 |    14 ||    16
